 Dungeon Crawl Stone Soup version 0.30-a0-1164-ge08a67761e (webtiles) character file.

Game seed: 2457686463058550372

5959 backslashecho the Basher (level 10, -3/74 HPs)
             Began as a Mummy Fighter on Apr 29, 2023.
             Was an Elder of Kikubaaqudgha.
             Slain by a shadow (10 damage)
             ... on level 9 of the Dungeon.
             The game lasted 00:28:11 (11026 turns).

backslashecho the Basher (Mummy Fighter)           Turns: 11026, Time: 00:28:12

Health: -3/74      AC: 14    Str: 23    XL:     10   Next: 54%
Magic:  10/10      EV: 13    Int:  7    God:    Kikubaaqudgha [****..]
Gold:   392        SH:  0    Dex: 13    Spells: 9/9 levels left

rFire   x . .        a - +1 dire flail
rCold   + . .        (shield currently unavailable)
rNeg    + + +        r - +0 chain mail
rPois   ∞            i - +0 helmet
rElec   .            (no cloak)
rCorr   .            n - +0 pair of gloves
SInv    .            p - +0 pair of boots
Will    ++...        (no amulet) Stlth
                     d - ring of willpower
HPRegen 0.32/turn    t - +5 ring of evasion
MPRegen 0.12/turn

%: faith
@: no status effects
A: cold resistance 1, negative energy resistance 3, torment resistance 2, heat
vulnerability 1, in touch with death 1, no potions, faith
a: Renounce Religion, Unearth Wretches


You were on level 9 of the Dungeon.
You worshipped Kikubaaqudgha.
Kikubaaqudgha was greatly pleased with you.
You visited 2 branches of the dungeon, and saw 10 of its levels.
You also visited: Sewer.

You collected 392 gold pieces.

Inventory:

Hand Weapons
 a - a +1 dire flail (weapon)
 b - a +2 antimagic whip
Missiles
 f - 11 curare-tipped darts
 j - 8 javelins
 x - 13 poisoned darts (quivered)
Armour
 c - a +0 buckler
 i - a +0 helmet (worn)
 k - a +0 plate armour
 n - a +0 pair of gloves (worn)
 p - a +0 pair of boots (worn)
 r - a +0 chain mail (worn)
 z - a +0 kite shield
Jewellery
 d - a ring of willpower (left hand)
 l - a +4 ring of protection
 s - a ring of willpower
 t - a +5 ring of evasion (right hand)
 w - an amulet of the acrobat
 y - an amulet of guardian spirit
Wands
 m - a wand of iceblast (9)
 q - a wand of flame (12)
Scrolls
 e - 3 scrolls of blinking
 g - 12 scrolls of identify
 h - a scroll of vulnerability
 o - a scroll of butterflies
 u - 2 scrolls of enchant weapon
 A - a scroll of fear


   Skills:
 - Level 5.0 Fighting
 * Level 9.4 Maces & Flails
 + Level 7.0 Armour
 - Level 3.1 Shields
 + Level 7.2 Necromancy


You had 9 spell levels left.
You didn't know any spells.
Your spell library contained the following spells:

 Spells                   Type           Power      Damage    Failure   Level
 Necrotise                Necr           60%        1d7       12%         1
 Kiss of Death            Conj/Necr      28%        2d7       50%         1
 Animate Dead             Necr           15%        N/A       77%         4
 Dispel Undead            Necr           15%        3d10      77%         4
 Cigotuvi's Dreadful Rot  Necr/Pois/Air  10%        N/A       80%         2
 Magic Dart               Conj           0%         1d3       94%         1
 Shock                    Conj/Air       0%         1d3       94%         1
 Call Imp                 Summ           0%         N/A       98%         2
 Mephitic Cloud           Conj/Pois/Air  0%         N/A       100%        3
 Portal Projectile        Hex/Tloc       0%         N/A       100%        3
 Swiftness                Air            0%         N/A       100%        3
 Tukima's Dance           Hex            0%         N/A       100%        3
 Airstrike                Air            0%         2d(0-16)  100%        4
 Borgnjor's Vile Clutch   Necr/Erth      3%         N/A       100%        5
 Iskenderun's Battlesphe  Conj           0%         2d6       100%        5
 Summon Forest            Summ/Tloc      0%         N/A       100%        5
 Death Channel            Necr           7%         N/A       100%        6
 Eringya's Noxious Bog    Tmut/Pois      0%         N/A       100%        6
 Iron Shot                Conj/Erth      0%         9d1       100%        6
 Simulacrum               Ice/Necr       3%         N/A       100%        6
 Spellforged Servitor     Conj/Summ      0%         N/A       100%        7
 Summon Hydra             Summ           0%         N/A       100%        7
 Blade Hands              Tmut           Unusable   N/A       N/A         5

Dungeon Overview and Level Annotations

Branches:
Dungeon (9/15)             Temple (1/1) D:4            Lair (0/5) D:8
  Sewer (visited)
    Orc: D:9-12

Altars:
Ashenzari
Cheibriados
Dithmenos
Fedhas
Gozag
Hepliaklqana
Kikubaaqudgha
Makhleb
Nemelex Xobeh
Okawaru
Qazlal
Ru
Uskayaw
Vehumet
Wu Jian

Shops:
D:5 *

Annotations:
D:9 Maurice


Innate Abilities, Weirdness & Mutations

You are immune to poison.
Your flesh is cold resistant. (rC+)
You are immune to negative energy. (rN+++)
You are immune to unholy pain and torment.
You are vulnerable to heat. (rF-)
You are in touch with the powers of death.
You do not drink.
You have a special connection with the divine. (Faith)


Message History

* * * LOW HITPOINT WARNING * * *
The hornet is engulfed in poison gas.
The hornet looks even sicker.
You take 2 damage, and have 22/74 hp.
The hornet attacks as you move away! The hornet stings you.
* * * LOW HITPOINT WARNING * * *
The wyvern is engulfed in poison gas.
The wyvern looks as sick as possible!
The hornet is engulfed in poison gas.
The hornet looks even sicker.
The shadow slips into darkness.
The shadow flickers and vanishes!
Deactivating autopickup; reactivate with Ctrl-A.
The wyvern is engulfed in poison gas.
The wyvern looks as sick as possible!
The wyvern bites you.
* * * LOW HITPOINT WARNING * * *
You take 4 damage, and have 18/74 hp.
The wyvern attacks as you move away! The wyvern bites you.
* * * LOW HITPOINT WARNING * * *
The hornet looks as sick as possible!
The wyvern is engulfed in poison gas.
The wyvern looks as sick as possible!
The hornet is engulfed in poison gas.
The hornet looks as sick as possible!
You take 5 damage, and have 13/74 hp.
The shadow strikes at you from the darkness!
* * * LOW HITPOINT WARNING * * *
Reactivating autopickup.
You kill the wyvern!
Kikubaaqudgha accepts your kill.
The hornet is engulfed in poison gas.
The hornet looks as sick as possible!
The shadow slips into darkness.
The shadow flickers and vanishes!
Deactivating autopickup; reactivate with Ctrl-A.
You take 7 damage, and have 6/74 hp.
The hornet looks as sick as possible!
The hornet is engulfed in poison gas.
The hornet looks as sick as possible!
You kill the hornet!
Kikubaaqudgha accepts your kill.
Your Armour skill increases to level 7!
The yak is engulfed in poison gas.
The yak looks even sicker.
You can't drink.
The shadow strikes at you from the darkness!
You die...
Kikubaaqudgha rasps: "You have failed me!
Welcome... oblivion!"

#.###.$°##########
#.#°○.........
#.###○..°.°○°.....
#....○.Y.†○.§.....#..
...#°§.☼.○.☼°.......#
.....☼..Y☼☼§.......#
.#.☼.°.○☼.§§○.....#
..................#
.###...@..........#
.####...........).#
.................#
######<.........#
###.......##
#.##....# ##.######
.# ..


You could see 2 yaks.

Vanquished Creatures
  Joseph (D:7)
  A hornet (D:9)
  A wraith (D:7)
  5 yaks
  5 wyverns
  A steam dragon (D:8)
  4 water moccasins
  2 orc warriors
  2 black bears
  A sky beast (D:6)
  2 ice beasts (D:6)
  2 ogres
  A centaur (D:5)
  2 phantoms
  2 kobold brigands (D:6)
  4 bullfrogs
  2 gnoll sergeants
  2 scorpions
  A water moccasin zombie (D:4)
  3 wights (D:8)
  5 howler monkeys
  3 electric eels (D:8)
  5 orc priests
  2 hounds
  4 jellies
  3 scorpion zombies (D:4)
  2 iguanas
  2 sleepcaps
  5 orc wizards
  2 hound zombies (D:4)
  2 hound skeletons (D:4)
  A howler monkey zombie (D:4)
  7 river rats (Sewer)
  10 gnolls
  8 adders
  A shadow imp (D:8)
  An ufetubus (Temple)
  An adder zombie (D:4)
  An adder skeleton (D:4)
  4 worms
  4 dart slugs
  17 orcs
  6 bats
  7 endoplasms
  9 giant cockroaches
  16 goblins
  9 hobgoblins
  3 jackals (Sewer)
  8 quokkas
  10 ball pythons
  7 frilled lizards
  18 kobolds
  6 rats
233 creatures vanquished.

Vanquished Creatures (others)
  A fungus (D:8)
  24 plants
  2 withered plants (D:4)
27 creatures vanquished.

Grand Total: 260 creatures vanquished

Notes
Turn   | Place    | Note
-------+----------+-------------------------------------------
     0 | D:1      | backslashecho the Mummy Fighter began the quest for the
                  | Orb.
     0 | D:1      | Reached XP level 1. HP: 18/18 MP: 1/1
    40 | D:1      | Reached XP level 2. HP: 21/24 MP: 2/2
   148 | D:1      | Reached skill level 2 in Maces & Flails
   410 | D:1      | Gained mutation: You are in touch with the powers of death.
                  | [Mummy growth]
   410 | D:1      | Reached XP level 3. HP: 24/29 MP: 3/3
  1269 | D:2      | Reached XP level 4. HP: 12/35 MP: 4/4
  2953 | D:4      | Noticed a bullfrog
  3051 | D:4      | Noticed a phantom
  3070 | D:4      | Found a staircase to the Ecumenical Temple.
  3079 | Temple   | Entered the Ecumenical Temple
  3082 | Temple   | Reached skill level 3 in Maces & Flails
  3082 | Temple   | Reached XP level 5. HP: 29/42 MP: 5/5
  3213 | Temple   | Became a worshipper of Kikubaaqudgha
  3393 | D:4      | Noticed a phantom
  3410 | D:4      | Reached skill level 1 in Necromancy
  3463 | D:3      | Reached XP level 6. HP: 23/48 MP: 6/6
  3590 | D:3      | Reached skill level 4 in Maces & Flails
  3678 | D:4      | Reached XP level 7. HP: 48/55 MP: 7/7
  3693 | D:4      | Reached * piety under Kikubaaqudgha
  3693 | D:4      | Received a gift from Kikubaaqudgha
  4170 | D:5      | Entered Level 5 of the Dungeon
  4207 | D:5      | Found Zin's Purification Station.
  4298 | D:5      | HP: 2/55 [ogre/+0 giant spiked club (12)]
  4490 | D:5      | Reached skill level 5 in Maces & Flails
  4622 | D:5      | Reached skill level 5 in Fighting
  4732 | D:5      | Reached XP level 8. HP: 35/62 MP: 8/8
  5684 | D:6      | Reached ** piety under Kikubaaqudgha
  5715 | D:6      | Reached skill level 6 in Maces & Flails
  5948 | D:6      | Found a glowing drain.
  5963 | Sewer    | Entered a sewer
  6432 | Sewer    | Reached *** piety under Kikubaaqudgha
  6432 | Sewer    | Received a gift from Kikubaaqudgha
  6731 | D:6      | Reached skill level 5 in Armour
  6912 | D:6      | Reached XP level 9. HP: 63/68 MP: 9/9
  7185 | D:6      | Reached skill level 5 in Necromancy
  7199 | D:6      | Reached skill level 7 in Maces & Flails
  7951 | D:7      | Found a flagged portal.
  7992 | D:7      | HP: 1/68 [gnoll/+0 spear (5)]
  8366 | D:7      | Found a shadowy altar of Dithmenos.
  8667 | D:7      | Noticed Joseph
  8760 | D:7      | Killed Joseph
  9126 | D:8      | Reached skill level 8 in Maces & Flails
  9133 | D:8      | Reached **** piety under Kikubaaqudgha
  9340 | D:7      | Reached XP level 10. HP: 72/74 MP: 10/10
  9707 | D:8      | Reached skill level 9 in Maces & Flails
  9978 | D:8      | Found a staircase to the Lair.
 10014 | D:8      | Found a sacrificial altar of Ru.
 10843 | D:9      | Noticed Maurice
 11026 | D:9      | Slain by a shadow

Illustrated notes

Levels and vault maps discovered:
D:1:      dpeg_arrival_lava_altar, layout_loops_ring
D:2:      layout_basic, chequers_serial_rivers_small_a, nicolae_titane
D:3:      layout_rooms, serial_curves, eino_curves_04, eino_curves_01
D:4:      layout_rooms, minmay_temple_entry_mist, serial_undead,
          serial_undead_b, serial_undead_a, serial_undead_d, serial_undead_c,
          serial_undead_d
D:5:      layout_loops_ring, zin_purify, serial_bayou_ford_a
D:6:      layout_basic, nicolae_tso_carved_into_rock,
          cheibrodos_sewer_entry_drain
D:7:      layout_loops_cross, nicolae_dithmenos_shadow_blocks, serial_rivers,
          chequers_serial_rivers_small_a, chequers_serial_rivers_micro_c,
          chequers_serial_rivers_room_a, chequers_serial_rivers_small_a,
          enter_bailey_7, supply_closet_lemuel, uniq_joseph
D:8:      layout_loops_ring, mainiacjoe_overflow_tiny_flanked,
          minmay_lair_entry_grove, nrook_campfire, chequers_big_river
D:9:      layout_cave_pods, kb_xom_exploding_sheep, zombieorc2_lemuel,
          minmay_fractal_squares_5, uniq_maurice
Temple:   nicolae_temple_ecumenical_triangle

Skill      XL: |  1  2  3  4  5  6  7  8  9 10 |
---------------+-------------------------------+-----
Maces & Flails | 2 3 4 5 6 8 9 |  9.4
Armour         | 3 4 5 6 7 |  7.0
Shields        | 3 |  3.1
Necromancy     | 1 2 3 4 6 7 |  7.2
Fighting       | 4 5 |  5.0

Action                     |  1- 3 |  4- 6 |  7- 9 | 10-12 || total
---------------------------+-------+-------+-------+-------++-------
  Melee: Flail             |   134 |   242 |   434 |       ||   810
         Dire flail        |       |       |   135 |   112 ||   247
  Throw: Javelin           |       |       |     4 |       ||     4
         Dart              |       |       |     3 |     2 ||     5
  Evoke: Wand              |       |       |     8 |     7 ||    15
    Use: Scroll            |       |     3 |     8 |     1 ||    12
 Armour: Scale mail        |    66 |       |       |       ||    66
         Plate armour      |    19 |   251 |    45 |       ||   315
         Chain mail        |       |       |   392 |    53 ||   445
  Dodge: Dodged            |    68 |   101 |   278 |    60 ||   507
  Block: Buckler           |    29 |    97 |    95 |       ||   221

Table legend: (Time is in decaauts)
 A = Elapsed time spent in this place.
 B = Non-inter-level travel time spent in this place.
 C = Inter-level travel time spent in this place.
 D = Time resting spent in this place.
 E = Time spent auto-exploring this place.
 F = Levels seen in this place.
 G = Mean time per level.
                   A        B        C        D        E       F      G
               +--------+--------+--------+--------+--------+-----+--------+
         Total |  11422 |  10459 |    963 |   2360 |   4921 |  11 | 1038.4 |
       Dungeon |  10304 |   9358 |    946 |   2306 |   4258 |   9 | 1144.9 |
        Temple |    155 |    138 |     17 |      0 |    111 |   1 |  155.0 |
         Sewer |    963 |    963 |      0 |     54 |    551 |   1 |  963.0 |
               +--------+--------+--------+--------+--------+-----+--------+

Top non-repeatable levels by time:
     D:7: 1738 daAuts
     D:2: 1605 daAuts
     D:8: 1523 daAuts
     D:6: 1389 daAuts
     D:5: 1208 daAuts
     D:4: 976 daAuts
   Sewer: 963 daAuts
     D:3: 907 daAuts
     D:1: 859 daAuts
  Temple: 155 daAuts
     D:9: 97 daAuts
